 Dungeon Crawl Stone Soup version 0.15-a0-2130-g28e4b74 (webtiles) character file.

192 Kenran the Slasher (level 5, -3/45 HPs)
             Began as a Minotaur Berserker on July 17, 2014.
             Was an Elder of Trog.
             Slain by Edmund
             ... wielding a +4 dire flail of draining
              (15 damage)
             ... on Level 4 of the Dungeon on July 19, 2014.
             The game lasted 00:06:42 (2975 turns).

Kenran the Slasher (Minotaur Berserker)             Turns: 2975, Time: 00:06:42

HP  -3/45        AC  2     Str 21      XL: 5   Next: 42%
MP   2/2         EV 15     Int  4      God: Trog [****..]
Gold 152         SH  0     Dex 11      Spells:  0 memorised,  4 levels left

rFire  . . .     SeeInvis .     a - +0 falchion
rCold  . . .     Clarity  .     b - +0 animal skin
rNeg   . . .     rCorr    .     (no shield)
rPois  .         rRot     .     (helmet restricted)
rElec  .         Spirit   .     (no cloak)
SustAb .         Warding  .     (no gloves)
rMut   .         Stasis   .     (no boots)
Gourm  .                        (no amulet)
MR     .....                    (no ring)
                                i - +3 ring of evasion

@: drained, not resistant to hostile enchantments, very unstealthy
A: retaliatory headbutt, horns 2
a: Burn Spellbooks, Berserk, Trog's Hand, Brothers in Arms, Renounce Religion


You were on level 4 of the Dungeon.
You worshipped Trog.
Trog was greatly pleased with you.
You were not hungry.

You visited 1 branch of the dungeon, and saw 4 of its levels.

You collected 152 gold pieces.

Inventory:

Hand weapons
 a - a +0 falchion (weapon)
Armour
 b - a +0 animal skin (worn)
Comestibles
 c - 3 bread rations
 k - 5 meat rations
Scrolls
 e - 6 scrolls of identify
Jewellery
 i - a +3 ring of evasion (left hand)
 n - an uncursed ring of wizardry {unknown}
Potions
 f - a potion of restore abilities {unknown}
 g - a potion of brilliance
 h - a potion of agility {unknown}
 j - a potion of confusion {unknown}
 l - a potion of curing {unknown}
 m - a potion of mutation {unknown}
 o - a potion of flight {unknown}


   Skills:
 - Level 3.6(2.6) Fighting
 + Level 7.5(6.4) Long Blades
 - Level 2.4(1.5) Armour
 - Level 2.1(1.2) Dodging


You had 4 spell levels left.
You didn't know any spells.

Dungeon Overview and Level Annotations

Branches:
Dungeon (4/15)
 Temple: D:4-7

Altars:
Ashenzari
Dithmenos
Fedhas
Kikubaaqudgha
The Shining One

Annotations:
D:4 Edmund, Grinder


Innate Abilities, Weirdness & Mutations

You reflexively headbutt those who attack you in melee.
You have a pair of horns on your head.


Message History

You feel drained.
You slash Edmund!
Edmund is heavily wounded.
Grinder says, "FISH!"
You hit Edmund.
Edmund is severely wounded.
Edmund hits you with a dire flail of draining!
You feel drained.
* * * LOW HITPOINT WARNING * * *
Grinder gestures at you.
You barely resist. You barely miss Edmund. You headbutt Edmund.
Edmund is severely wounded.
Edmund hits you with a dire flail of draining.
* * * LOW HITPOINT WARNING * * *
You feel drained.
You hit Edmund.
Edmund is severely wounded.
Edmund hits you with a dire flail of draining!
You die...

..# .....+
......##+##
............#
.............#
.............#
#.............+
#.......@.....#
#.....5.@#
#........#
#........#
#.....<..#
##########


You could see Edmund and Grinder.

Vanquished Creatures
  An orc wizard (D:3)
  A worker ant (D:3)
  5 adders
  3 worms
  2 giant geckos
  An ooze (D:2)
  9 orcs (D:3)
  13 bats
  2 giant cockroaches
  8 goblins
  10 hobgoblins
  3 jackals (D:2)
  3 giant newts
  11 kobolds
  4 rats
76 creatures vanquished.

Notes
Turn   | Place    | Note
--------------------------------------------------------------
     0 | D:1      | Kenran, the Minotaur Berserker, began the quest for the Orb.
     0 | D:1      | Reached XP level 1. HP: 19/19 MP: 1/1
   176 | D:1      | Reached skill level 4 in Long Blades
   218 | D:1      | Reached XP level 2. HP: 26/26 MP: 1/1
   755 | D:1      | Acquired Trog's second power
   860 | D:2      | Reached skill level 5 in Long Blades
   860 | D:2      | Reached XP level 3. HP: 13/31 MP: 2/2
  1152 | D:2      | Found a shattered altar of Ashenzari.
  1312 | D:2      | Found a shadowy altar of Dithmenos.
  1509 | D:2      | Reached skill level 6 in Long Blades
  1509 | D:2      | Reached XP level 4. HP: 37/39 MP: 2/2
  1754 | D:2      | Found a glowing golden altar of the Shining One.
  2209 | D:3      | Reached XP level 5. HP: 19/45 MP: 2/2
  2478 | D:3      | Reached skill level 7 in Long Blades
  2833 | D:3      | Acquired Trog's third power
  2842 | D:3      | Found a blossoming altar of Fedhas.
  2894 | D:3      | Found a blossoming altar of Fedhas.
  2895 | D:3      | Found an ancient bone altar of Kikubaaqudgha.
  2966 | D:4      | Noticed Edmund
  2967 | D:4      | Noticed Grinder
  2975 | D:4      | Slain by Edmund

Action                   |  1- 3 |  4- 6 || total
-------------------------+-------+-------++-------
Melee: Falchion          |    78 |   107 ||   185
  Use: Scroll            |     3 |     1 ||     4
  Eat: Chunk             |     1 |       ||     1
       Fruit             |       |     5 ||     5
       Pizza             |       |     1 ||     1
